 Dungeon Crawl Stone Soup version 0.27.0-1-g7a089689b8 (webtiles) character file.

Game seed: 13987045314989245402

13654 DocClef the Covert (level 12, -7/86 HPs)
             Began as a Gnoll Delver on Aug 2, 2021.
             Was an Elder of Hepliaklqana.
             Mangled by a sun demon (16 damage)
             ... summoned by a kobold demonologist
             ... on level 11 of the Dungeon.
             The game lasted 00:21:27 (12942 turns).

DocClef the Covert (Gnoll Delver)                  Turns: 12942, Time: 00:21:28

Health: -7/86      AC: 23    Str: 17    XL:     12   Next: 8%
Magic:  0/22       EV: 16    Int: 13    God:    Hepliaklqana [****..]
Gold:   867        SH:  0    Dex: 19    Spells: 24/24 levels left

rFire    . . .     SeeInvis .   j - +3 flail (protect)
rCold    . . .     Faith    .   (no shield)
rNeg     . . .     Spirit   +   G - +3 acid dragon scales
rPois    .         Reflect  .   p - +1 helmet {Int+3}
rElec    .         Harm     .   (no cloak)
rCorr    +         Rampage  .   k - +2 pair of gloves
Will     .....                  (no boots)
Stlth    +++++.....             r - amulet of guardian spirit
HPRegen  0.24/turn              s - +6 ring of dexterity
MPRegen  0.18/turn              (no ring)

@: under a protective aura, very slightly contaminated
A: reduced essence, fangs 1, strong nose, distributed training
a: Renounce Religion, Recall Ancestor, Ancestor Identity, Transference, Idealise


You were on level 11 of the Dungeon.
You worshipped Hepliaklqana.
Hepliaklqana was greatly pleased with you.
You visited 2 branches of the dungeon, and saw 14 of its levels.

You collected 867 gold pieces.

Inventory:

Hand Weapons
 a - a +0 short sword
 j - a +3 flail of protection (weapon)
 B - a +2 flail of holy wrath
Missiles
 i - 66 poisoned darts (quivered)
 F - 2 throwing nets
Armour
 k - a +2 pair of gloves (worn)
 p - a +1 helmet of intelligence (worn)
 G - +3 acid dragon scales (worn)
Jewellery
 r - an amulet of guardian spirit (around neck)
 s - a +6 ring of dexterity (left hand)
 y - a ring of ice
 H - a ring of wizardry
Wands
 g - a wand of digging (3)
 v - a wand of iceblast (5)
 w - a wand of mindburst (8)
 A - a wand of paralysis (6)
 C - a wand of charming (9)
 E - a wand of acid (23)
 I - a wand of flame (10)
Scrolls
 b - a scroll of teleportation
 c - 3 scrolls of fog
 d - 5 scrolls of magic mapping
 e - 5 scrolls of fear
 m - 8 scrolls of identify
 t - a scroll of enchant weapon
 u - 2 scrolls of immolation
 x - 2 scrolls of vulnerability
 z - a scroll of amnesia
 J - a scroll of noise {unknown}
Potions
 f - a potion of cancellation
 h - 4 potions of flight
 l - 6 potions of curing
 n - 3 potions of might
 o - a potion of lignification
 q - 2 potions of ambrosia


   Skills:
 + Level 9.6 Fighting
 + Level 8.4 Short Blades
 + Level 6.9 Long Blades
 + Level 6.9 Axes
 + Level 6.9 Maces & Flails
 + Level 6.9 Polearms
 + Level 6.9 Staves
 + Level 6.9 Slings
 + Level 6.9 Bows
 + Level 6.9 Crossbows
 + Level 6.9 Throwing
 + Level 6.9 Armour
 + Level 8.4 Dodging
 + Level 11.6 Stealth
 + Level 6.9 Shields
 + Level 6.9 Unarmed Combat
 + Level 6.9 Spellcasting
 + Level 5.7 Conjurations
 + Level 5.7 Hexes
 + Level 5.7 Summonings
 + Level 5.7 Necromancy
 + Level 5.7 Translocations
 + Level 5.7 Transmutations
 + Level 5.7 Fire Magic
 + Level 5.7 Ice Magic
 + Level 5.7 Air Magic
 + Level 5.7 Earth Magic
 + Level 5.7 Poison Magic
 + Level 7.6 Invocations
 + Level 6.9 Evocations


You had 24 spell levels left.
You didn't know any spells.
Your spell library contained the following spells:

 Spells                   Type           Power      Damage    Failure   Level
 Blink                    Tloc           N/A        N/A       2%          2
 Static Discharge         Conj/Air       19%        N/A       2%          2
 Call Canine Familiar     Summ           19%        N/A       5%          3
 Frozen Ramparts          Ice            38%        1d5       5%          3
 Lesser Beckoning         Tloc           9%         N/A       5%          3
 Ozocubu's Armour         Ice            19%        N/A       5%          3
 Portal Projectile        Hex/Tloc       38%        N/A       5%          3
 Tukima's Dance           Hex            19%        N/A       5%          3
 Dispel Undead            Necr           19%        3d11      19%         4
 Ice Form                 Ice/Tmut       19%        N/A       19%         4
 Leda's Liquefaction      Hex/Erth       9%         N/A       19%         4
 Passage of Golubria      Tloc           N/A        N/A       19%         4
 Sticky Flame             Conj/Fire      19%        2d4       19%         4
 Summon Ice Beast         Ice/Summ       19%        N/A       19%         4
 Alistair's Intoxication  Tmut/Pois      12%        N/A       45%         5
 Borgnjor's Vile Clutch   Necr/Erth      9%         N/A       45%         5
 Manifold Assault         Tloc           19%        N/A       45%         5
 Metabolic Englaciation   Hex/Ice        9%         N/A       45%         5
 Yara's Violent Unravell  Hex/Tmut       9%         3d6       45%         5
 Eringya's Noxious Bog    Tmut/Pois      9%         N/A       96%         6
 Simulacrum               Ice/Necr       9%         N/A       96%         6
 Storm Form               Tmut/Air       9%         N/A       100%        7


Dungeon Overview and Level Annotations

Branches:
Dungeon (13/15)            Temple (1/1) D:4             Orc (0/2) D:9
   Lair: D:8-11      Vaults: D:13-14

Altars:
Ashenzari
Cheibriados
Dithmenos
Elyvilon
Fedhas
Gozag
Hepliaklqana
Kikubaaqudgha
Makhleb
Nemelex Xobeh
Okawaru
Qazlal
Ru
Sif Muna
Trog
Uskayaw
Vehumet
Wu Jian
Xom
Yredelemnul
Zin
The Shining One
Beogh

Shops:
D:6 [   D:7 :

Annotations:
D:10 exclusion: statue, Erolcha
D:12 2 transporters, Nyg Tys's ghost, journeyman MiBe


Innate Abilities, Weirdness & Mutations

Your life essence is reduced to manifest your ancestor. (-10% HP)
You have very sharp teeth.
Your uncanny sense of smell can sniff out nearby items.
Your experience applies equally to all skills.


Message History

Zolin points at the orc warrior and mumbles some strange words.
The orc warrior appears confused.
You strike the helpless orc warrior from behind!
You hit the orc warrior.
You kill the orc warrior!
Unknown command.
You flicker for a moment.
You climb upwards.
The kobold demonologist casts a spell.
There is a stone staircase leading down here.
Unknown command.
You catch the helpless kobold demonologist completely off-guard!
You hit the kobold demonologist but do no damage.
The kobold demonologist hits you but does no damage.
Zolin gestures at the kobold demonologist while chanting.
The kobold demonologist resists with some effort.
You hit the kobold demonologist.
The kobold demonologist is lightly wounded.
The sixfirhy misses you. The sixfirhy hits you. The sixfirhy shocks you!
* * * LOW HITPOINT WARNING * * *
The kobold demonologist hits you with a +0 dagger.
* * * LOW HITPOINT WARNING * * *
The sixfirhy completely misses you.
You hit the kobold demonologist.
The kobold demonologist is lightly wounded.
You flicker back into view.
The sixfirhy closely misses you. The sixfirhy misses you.
The sixfirhy completely misses you.
The kobold demonologist casts a spell.
The sixfirhy misses you.
Zolin hits the kobold demonologist with a +0 dagger of draining!
The kobold demonologist gestures wildly while chanting.
You sock the kobold demonologist!
Your bite misses the kobold demonologist.
The kobold demonologist is heavily wounded.
Zolin loses the glow of perfection.
The sun demon hits you!
* * * LOW HITPOINT WARNING * * *
You are engulfed in flames!!
You die...

...........######..#
########...# #..# #
#...# #.<# #. #...#
#...
#.########...######...
#.....................
#....!............ ...
#.....3..........>
#...>@K...........
#....R3...........
#....5............
#............#####
#............#
#..............
#...............#
#...............# ##
#....!..........# #.


You could see the friendly Zolin the hexer, a sun demon (summoned), a kobold
demonologist (ally target), a sixfirhy (summoned) and a shadow imp (summoned).

Vanquished Creatures
  A centaur warrior (D:11)
  A cyclops (D:11)
  A hornet (D:8)
  4 slime creatures (D:12)
  A yak (D:8)
  A vampire mosquito (D:10)
  An acid dragon (D:8)
  A water moccasin (D:7)
  10 orc warriors
  2 black bears (D:6)
  An ice beast (D:4)
  2 hornet zombies
  A necrophage (D:5)
  2 ogres
  3 centaurs
  A phantom (D:4)
  4 bullfrogs
  4 scorpions
  A water moccasin zombie (D:5)
  A water moccasin skeleton (D:6)
  3 killer bees
  A wight (D:8)
  3 howler monkeys
  A bullfrog zombie (D:5)
  2 centaur zombies
  A hound (D:5)
  2 bullfrog skeletons
  An orc priest (D:8)
  An iguana (D:7)
  A hexer (D:8)
  3 orc wizards
  A hound skeleton (D:4)
  4 gnolls (D:8)
  3 adders
  2 worms
  A dart slug (D:3)
  31 orcs
  3 endoplasms
  3 giant cockroaches
  5 goblins
  6 hobgoblins
  2 quokkas
  12 ball pythons
  8 bats
  3 frilled lizards
  11 kobolds
  8 rats
165 creatures vanquished.

Vanquished Creatures (collateral kills)
  Gastronok (D:11)
  Harold (D:8)
  2 two-headed ogres
  A centaur zombie (D:11)
  2 komodo dragons
  A troll (D:10)
  5 slime creatures (D:12)
  A meliai zombie (D:11)
  A yak (shapeshifter) (D:11)
  2 wyverns
  2 vampire mosquitoes (D:10)
  A hornet zombie (D:8)
  A sky beast (D:6)
  3 orc warriors
  A black bear (D:6)
  2 centaurs
  A kobold brigand (D:9)
  A scorpion (D:4)
  A water moccasin zombie (D:6)
  5 killer bees
  An electric eel (D:10)
  3 howler monkeys
  3 orc priests
  An iguana (D:6)
  3 orc wizards
  4 adders
  An adder skeleton (D:4)
  10 orcs
  2 endoplasms
  4 kobolds
  A quokka (D:3)
  A bat (D:1)
  A frilled lizard (D:1)
  A rat (D:1)
71 creatures vanquished.

Vanquished Creatures (others)
  4 hexers
4 creatures vanquished.

Grand Total: 240 creatures vanquished

Notes
Turn   | Place    | Note
-------+----------+-------------------------------------------
     0 | D:5      | Reached skill level 9 in Stealth
     0 | D:5      | DocClef the Gnoll Delver began the quest for the Orb.
     0 | D:5      | Reached XP level 1. HP: 23/23 MP: 1/1
     4 | D:5      | Noticed a bullfrog
     9 | D:5      | Noticed a water moccasin zombie
    29 | D:5      | Killed a water moccasin zombie
    30 | D:5      | Reached skill level 1 in Long Blades
    30 | D:5      | Reached skill level 1 in Axes
    30 | D:5      | Reached skill level 1 in Maces & Flails
    30 | D:5      | Reached skill level 1 in Polearms
    30 | D:5      | Reached skill level 1 in Staves
    30 | D:5      | Reached skill level 1 in Slings
    30 | D:5      | Reached skill level 1 in Bows
    30 | D:5      | Reached skill level 1 in Crossbows
    30 | D:5      | Reached skill level 1 in Throwing
    30 | D:5      | Reached skill level 1 in Armour
    30 | D:5      | Reached skill level 1 in Shields
    30 | D:5      | Reached skill level 1 in Unarmed Combat
    30 | D:5      | Reached skill level 1 in Spellcasting
    30 | D:5      | Reached skill level 1 in Invocations
    30 | D:5      | Reached skill level 1 in Evocations
    30 | D:5      | Reached XP level 2. HP: 5/29 MP: 1/3
    30 | D:5      | Reached XP level 3. HP: 6/35 MP: 1/4
   490 | D:4      | Reached XP level 4. HP: 41/41 MP: 5/5
   492 | D:4      | Noticed an ogre
   496 | D:4      | Noticed a scorpion
   504 | D:4      | Found a staircase to the Ecumenical Temple.
   504 | D:4      | Noticed an ice beast
   508 | D:4      | Killed an ice beast
   509 | D:4      | Reached skill level 1 in Conjurations
   509 | D:4      | Reached skill level 1 in Hexes
   509 | D:4      | Reached skill level 1 in Summonings
   509 | D:4      | Reached skill level 1 in Necromancy
   509 | D:4      | Reached skill level 1 in Translocations
   509 | D:4      | Reached skill level 1 in Transmutations
   509 | D:4      | Reached skill level 1 in Fire Magic
   509 | D:4      | Reached skill level 1 in Ice Magic
   509 | D:4      | Reached skill level 1 in Air Magic
   509 | D:4      | Reached skill level 1 in Earth Magic
   509 | D:4      | Reached skill level 1 in Poison Magic
   509 | D:4      | Reached XP level 5. HP: 47/47 MP: 5/7
   515 | Temple   | Entered the Ecumenical Temple
   562 | Temple   | Became a worshipper of Hepliaklqana the Forgotten
   770 | Temple   | HP: 2/47 [ogre (25)]
  1136 | D:4      | Noticed a phantom
  1363 | D:3      | Noticed an ogre
  1371 | D:3      | Killed an ogre
  1372 | D:3      | Reached XP level 6. HP: 53/53 MP: 8/8
  1431 | D:3      | Reached * piety under Hepliaklqana
  1865 | D:2      | Found a broken altar of Ashenzari.
  1971 | D:2      | Reached skill level 5 in Short Blades
  1971 | D:2      | Reached skill level 5 in Dodging
  2502 | D:1      | Reached ** piety under Hepliaklqana
  2503 | D:1      | Remembered your ancestor Zolin as a hexer
  2783 | D:1      | Found a faded altar of an unknown god.
  3189 | D:4      | Reached XP level 7. HP: 53/53 MP: 10/10
  3893 | D:5      | Reached skill level 10 in Stealth
  3903 | D:5      | Reached XP level 8. HP: 60/60 MP: 12/12
  4289 | D:6      | Reached *** piety under Hepliaklqana
  4377 | D:6      | Found Doqiffie's Antique Armour Shop.
  4581 | D:7      | Identified the +1 leather armour of the Lost Path {Will-
                  | Int+5}
  4936 | D:7      | Noticed a wyvern
  4945 | D:7      | Killed a wyvern
  4946 | D:7      | Reached XP level 9. HP: 44/65 MP: 9/14
  5304 | D:7      | Reached **** piety under Hepliaklqana
  5534 | D:7      | Found Bausus's Book Emporium.
  5907 | D:8      | Noticed a two-headed ogre
  6220 | D:8      | Noticed Harold
  6544 | D:8      | Found a bloodstained altar of Trog.
  6544 | D:8      | Found a blossoming altar of Fedhas.
  6546 | D:8      | Found an ancient bone altar of Kikubaaqudgha.
  6546 | D:8      | Found a broken altar of Ashenzari.
  7041 | D:8      | Killed Harold
  7042 | D:8      | Reached skill level 5 in Invocations
  7042 | D:8      | Reached XP level 10. HP: 43/72 MP: 9/17
  7238 | D:8      | Paralysed by a hornet for 2 turns
  7276 | D:8      | Reached skill level 5 in Long Blades
  7276 | D:8      | Reached skill level 5 in Axes
  7276 | D:8      | Reached skill level 5 in Maces & Flails
  7276 | D:8      | Reached skill level 5 in Polearms
  7276 | D:8      | Reached skill level 5 in Staves
  7276 | D:8      | Reached skill level 5 in Slings
  7276 | D:8      | Reached skill level 5 in Bows
  7276 | D:8      | Reached skill level 5 in Crossbows
  7276 | D:8      | Reached skill level 5 in Throwing
  7276 | D:8      | Reached skill level 5 in Armour
  7276 | D:8      | Reached skill level 5 in Shields
  7276 | D:8      | Reached skill level 5 in Unarmed Combat
  7276 | D:8      | Reached skill level 5 in Spellcasting
  7276 | D:8      | Reached skill level 5 in Evocations
  8106 | D:8      | Killed a two-headed ogre
  8928 | D:9      | Found a staircase to the Orcish Mines.
  9245 | D:9      | Reached skill level 11 in Stealth
  9825 | D:10     | Entered Level 10 of the Dungeon
  9870 | D:10     | Reached XP level 11. HP: 71/78 MP: 16/19
 10492 | D:10     | Reached skill level 5 in Conjurations
 10492 | D:10     | Reached skill level 5 in Hexes
 10492 | D:10     | Reached skill level 5 in Summonings
 10492 | D:10     | Reached skill level 5 in Necromancy
 10492 | D:10     | Reached skill level 5 in Translocations
 10492 | D:10     | Reached skill level 5 in Transmutations
 10492 | D:10     | Reached skill level 5 in Fire Magic
 10492 | D:10     | Reached skill level 5 in Ice Magic
 10492 | D:10     | Reached skill level 5 in Air Magic
 10492 | D:10     | Reached skill level 5 in Earth Magic
 10492 | D:10     | Reached skill level 5 in Poison Magic
 10693 | D:10     | Found a radiant altar of Vehumet.
 10858 | D:10     | Noticed Erolcha
 11392 | D:11     | Noticed a cyclops
 11405 | D:11     | Killed a cyclops
 11470 | D:11     | Noticed a centaur warrior
 11522 | D:11     | Killed a centaur warrior
 11801 | D:11     | You fall into a shaft and drop 1 floor!
 11833 | D:12     | You fall into a shaft and drop 1 floor!
 11896 | D:12     | Found a transporter.
 11901 | D:12     | Found a transporter.
 11902 | D:12     | Noticed Nyg Tys's ghost (journeyman MiBe)
 12324 | D:12     | Noticed a two-headed ogre
 12334 | D:12     | Killed a two-headed ogre
 12506 | D:11     | Noticed Gastronok
 12521 | D:11     | Killed Gastronok
 12522 | D:11     | Reached XP level 12. HP: 32/86 MP: 4/22
 12942 | D:11     | Noticed a sun demon
 12942 | D:11     | Mangled by a sun demon

Illustrated notes

Levels and vault maps discovered:
D:1:      dpeg_arrival_subterranean_lakeside_camping, layout_loops_ring,
          hellmonk_ecumenical_altar_crossroads, chequers_serial_rivers_micro_a
D:2:      layout_loops_ring, basic_altar
D:3:      layout_basic
D:4:      layout_basic, minmay_temple_entry_wispy
D:5:      layout_gridville
D:6:      layout_basic, serial_shops, kennysheep_mini_moat
D:7:      layout_cave_pods, serial_shops, nicolae_stop_n_shop_1
D:8:      layout_loops_corners, chequers_temple_overflow_statue_of_worship,
          minmay_fractal_squares_diagonal_5, uniq_harold
D:9:      layout_irregular_city, david_orc_5, kennysheep_generic_room_4
D:10:     layout_basic, vehumet_statue, minmay_crystal_water,
          minmay_misc_feat_tiny, minmay_misc_feat_rows, uniq_erolcha
D:11:     kennysheep_blocky_room, layout_long_grid, lair_entry_dummy,
          nicolae_trove_entry_path_of_doom, minivault_25, uniq_gastronok
D:12:     layout_loops_ring, gammafunk_ghost_hive
D:13:     gammafunk_mikee_crab_dinner, layout_stronghold, erik_vaults_1,
          serial_column_ruins, column_ruins_square_small,
          column_ruins_circle_large, column_ruins_open_tiny,
          column_ruins_corridor_corner, column_ruins_columns_corner,
          column_ruins_open_tiny, kennysheep_diamond,
          nicolae_qazlal_style_of_elements
Temple:   minmay_crystal_spiral_temple

Skill      XL: |  1  2  3  4  5  6  7  8  9 10 11 |
---------------+----------------------------------+-----
Stealth        | 10 11 | 11.6
Long Blades    | 1 2 3 4 5 6 |  6.9
Axes           | 1 2 3 4 5 6 |  6.9
Maces & Flails | 1 2 3 4 5 6 |  6.9
Polearms       | 1 2 3 4 5 6 |  6.9
Staves         | 1 2 3 4 5 6 |  6.9
Slings         | 1 2 3 4 5 6 |  6.9
Bows           | 1 2 3 4 5 6 |  6.9
Crossbows      | 1 2 3 4 5 6 |  6.9
Throwing       | 1 2 3 4 5 6 |  6.9
Armour         | 1 2 3 4 5 6 |  6.9
Shields        | 1 2 3 4 5 6 |  6.9
Unarmed Combat | 1 2 3 4 5 6 |  6.9
Spellcasting   | 1 2 3 4 5 6 |  6.9
Invocations    | 1 2 3 4 5 6 7 |  7.6
Evocations     | 1 2 3 4 5 6 |  6.9
Conjurations   | 1 2 3 4 5 |  5.7
Hexes          | 1 2 3 4 5 |  5.7
Summonings     | 1 2 3 4 5 |  5.7
Necromancy     | 1 2 3 4 5 |  5.7
Translocations | 1 2 3 4 5 |  5.7
Transmutations | 1 2 3 4 5 |  5.7
Fire Magic     | 1 2 3 4 5 |  5.7
Ice Magic      | 1 2 3 4 5 |  5.7
Air Magic      | 1 2 3 4 5 |  5.7
Earth Magic    | 1 2 3 4 5 |  5.7
Poison Magic   | 1 2 3 4 5 |  5.7
Short Blades   | 5 6 7 8 |  8.4
Dodging        | 5 6 7 8 |  8.4
Fighting       | 7 8 9 |  9.6

Action                   |  1- 3 |  4- 6 |  7- 9 | 10-12 || total
-------------------------+-------+-------+-------+-------++-------
Melee: Short sword       |    18 |   133 |   133 |       ||   284
       Bite              |     2 |    11 |    26 |    65 ||   104
       Punch             |       |     3 |     4 |    15 ||    22
       Flail             |       |       |    92 |   401 ||   493
Throw: Throwing net      |       |     1 |       |       ||     1
       Dart              |       |       |       |     9 ||     9
Invok: Ancestor Life: He |       |     1 |       |       ||     1
       Idealise          |       |       |     1 |     6 ||     7
       Recall Ancestor   |       |       |       |     5 ||     5
Evoke: Wand              |       |       |       |     5 ||     5
  Use: Scroll            |     1 |       |       |    20 ||    21
       Potion            |       |     2 |       |     1 ||     3
 Stab: Distracted        |     1 |     1 |     3 |     7 ||    12
       Sleeping          |     3 |    27 |    11 |    10 ||    51
       Confused          |       |       |     4 |    12 ||    16
       Invisible         |       |       |       |    12 ||    12
Armor: Leather armour    |       |    32 |    59 |     6 ||    97
       Acid dragon scale |       |       |       |   146 ||   146
Dodge: Dodged            |     9 |    54 |   182 |   351 ||   596
